 Dungeon Crawl Stone Soup version 0.28-a0-178-ga708605c5b (webtiles) character file.

Game seed: 8553853181195143072

55 Spaninq the Magician (level 3, -3/26 HPs)
             Began as a Gnoll Hedge Wizard on Aug 17, 2021.
             Killed from afar by an orc wizard (7 damage)
             ... with a puff of flame
             ... on level 3 of the Dungeon.
             The game lasted 00:06:57 (2945 turns).

Spaninq the Magician (Gnoll Hedge Wizard)           Turns: 2945, Time: 00:06:58

Health: -3/26      AC:  3    Str:  9    XL:     3   Next: 93%
Magic:  3/11       EV: 13    Int: 14    God:
Gold:   128        SH:  0    Dex: 11    Spells: 7/16 levels left

rFire   . . .      SeeInvis .   a - +0 dagger (freeze)
rCold   . . .      Faith    .   (no shield)
rNeg    . . .      Spirit   .   b - +0 robe
rPois   .          Reflect  .   c - +1 hat
rElec   .          Harm     .   (no cloak)
rCorr   .          Rampage  .   (no gloves)
Will    .....                   (no boots)
Stlth   +.........              (no amulet)
HPRegen 0.08/turn               (no ring)
MPRegen 0.12/turn               (no ring)

@: confused
A: fangs 1, strong nose, distributed training
a: no special abilities


You were on level 3 of the Dungeon.
You visited 1 branch of the dungeon, and saw 3 of its levels.

You collected 128 gold pieces.

Inventory:

Hand Weapons
 a - a +0 dagger of freezing (weapon)
Missiles
 g - 18 stones
Armour
 b - a +0 robe (worn)
 c - a +1 hat (worn)
Magical Staves
 e - a staff of poison
Scrolls
 f - a scroll of identify
Potions
 d - a potion of attraction {unknown}
 h - 2 potions of curing
 i - a potion of flight
 j - a potion of heal wounds {unknown}
 l - a potion of magic {unknown}


   Skills:
 + Level 1.0 Fighting
 + Level 1.0 Short Blades
 + Level 1.0 Long Blades
 + Level 1.0 Axes
 + Level 1.0 Maces & Flails
 + Level 1.0 Polearms
 + Level 1.0 Staves
 + Level 1.0 Slings
 + Level 1.0 Bows
 + Level 1.0 Crossbows
 + Level 1.0 Throwing
 + Level 1.0 Armour
 + Level 4.6 Dodging
 + Level 4.2 Stealth
 + Level 1.0 Shields
 + Level 1.0 Unarmed Combat
 + Level 7.1 Spellcasting
 + Level 2.1 Conjurations
 + Level 0.7 Hexes
 + Level 2.1 Summonings
 + Level 0.7 Necromancy
 + Level 2.1 Translocations
 + Level 0.7 Transmutations
 + Level 0.7 Fire Magic
 + Level 0.7 Ice Magic
 + Level 0.7 Air Magic
 + Level 0.7 Earth Magic
 + Level 0.7 Poison Magic
 + Level 1.0 Invocations
 + Level 1.0 Evocations


You had 7 spell levels left.
You knew the following spells:

 Your Spells              Type           Power      Damage    Failure   Level
a - Magic Dart            Conj           44%        1d5       6%          1
b - Blink                 Tloc           N/A        N/A       9%          2
c - Call Imp              Summ           11%        N/A       9%          2
d - Slow                  Hex            7%         N/A       16%         2
e - Sandblast             Erth           14%        2d6       11%         1
f - Apportation           Tloc           22%        N/A       6%          1

Your spell library contained the following spells:

 Spells                   Type           Power      Damage    Failure   Level
 Summon Small Mammal      Summ           44%        N/A       6%          1
 Animate Skeleton         Necr           14%        N/A       11%         1
 Corona                   Hex            7%         N/A       11%         1
 Passwall                 Tmut/Erth      5%         N/A       16%         2
 Conjure Flame            Conj/Fire      9%         6-21      24%         3
 Mephitic Cloud           Conj/Pois/Air  8%         N/A       26%         3
 Lee's Rapid Deconstruct  Erth           3%         3d6*      96%         5


Dungeon Overview and Level Annotations

Branches:
Dungeon (3/15)

Altars:


Innate Abilities, Weirdness & Mutations

You have very sharp teeth.
Your uncanny sense of smell can sniff out nearby items.
Your experience applies equally to all skills.


Message History

The orc is severely wounded.
The orc wizard is no longer moving slowly.
The orc misses you. The orc hits you with a +0 club.
You hit the orc but do no damage.
The orc is severely wounded.
The orc hits you with a +0 falchion. The orc hits you but does no damage.
The orc wizard gestures wildly while chanting.
The orc wizard flickers and vanishes!
Deactivating autopickup; reactivate with Ctrl-A.
You hit the orc. You freeze the orc.
The orc is heavily wounded.
The orc closely misses you.
You hit the orc but do no damage.
The orc is severely wounded.
The orc barely misses you.
You closely miss the orc.
The orc is severely wounded.
The orc splashes around in the water.
The orc hits you with a +0 club.
* * * LOW HITPOINT WARNING * * *
Your magical contamination has completely faded away.
You closely miss the orc.
The orc is severely wounded.
Something hits you.
* * * LOW HITPOINT WARNING * * *
The orc closely misses you. The orc hits you with a +0 club.
* * * LOW HITPOINT WARNING * * *
You hear some strange, mumbled words.
You are confused.
You bump into the rock wall.
You miss the orc.
The orc is heavily wounded.
The orc barely misses you. The orc closely misses you.
The orc barely misses you.
You bump into the rock wall.
The orc misses you.
You bump into the rock wall.
The orc hits you but does no damage.
You hear some strange, mumbled words.
A puff of flame appears from out of thin air!
The puff of flame hits you!
You die...

.#.##....# #...≈≈.≈.......
.#.##....###### ##..≈..≈.....≈.
.#.##....'....###≈≈≈≈≈≈≈≈≈.≈≈≈≈
.#.##....######≈≈≈≈≈≈≈≈≈≈≈≈≈≈≈≈
.#.##....###..####≈≈≈.≈..≈.....
.#.##.#.......#..........≈≈...≈
.#.##.#######.#...######.......
.. ..........#{oo# .......
...###.......@## ....... ..
#........# .###.#≈ #......#.#
.# .. #......#.# .# .
#......#.# .# ..........####.#
...######## #.# #.#


You could see 2 orcs.

Vanquished Creatures
  An adder (D:2)
  2 dart slugs (D:1)
  4 endoplasms
  3 giant cockroaches
  3 hobgoblins
  4 jackals (D:2)
  A quokka (D:2)
  3 ball pythons
  3 bats (D:1)
  4 frilled lizards
  5 goblins
  4 kobolds (D:1)
  2 rats (D:2)
39 creatures vanquished.

Notes
Turn   | Place    | Note
-------+----------+-------------------------------------------
     0 | D:1      | Spaninq the Gnoll Hedge Wizard began the quest for the Orb.
     0 | D:1      | Reached XP level 1. HP: 13/13 MP: 8/8
   213 | D:1      | Reached XP level 2. HP: 19/19 MP: 6/10
   539 | D:1      | Learned a level 2 spell: Blink
   542 | D:1      | Learned a level 2 spell: Call Imp
   545 | D:1      | Learned a level 2 spell: Slow
   799 | D:1      | Reached XP level 3. HP: 25/25 MP: 7/11
   856 | D:1      | Learned a level 1 spell: Sandblast
  1761 | D:2      | Reached skill level 1 in Invocations
  1797 | D:2      | Found a faded altar of an unknown god.
  1823 | D:2      | Learned a level 1 spell: Apportation
  2349 | D:2      | Reached skill level 1 in Fighting
  2349 | D:2      | Reached skill level 1 in Short Blades
  2349 | D:2      | Reached skill level 1 in Long Blades
  2349 | D:2      | Reached skill level 1 in Axes
  2349 | D:2      | Reached skill level 1 in Maces & Flails
  2349 | D:2      | Reached skill level 1 in Polearms
  2349 | D:2      | Reached skill level 1 in Staves
  2349 | D:2      | Reached skill level 1 in Slings
  2349 | D:2      | Reached skill level 1 in Bows
  2349 | D:2      | Reached skill level 1 in Crossbows
  2349 | D:2      | Reached skill level 1 in Throwing
  2349 | D:2      | Reached skill level 1 in Armour
  2349 | D:2      | Reached skill level 1 in Shields
  2349 | D:2      | Reached skill level 1 in Unarmed Combat
  2349 | D:2      | Reached skill level 1 in Evocations
  2945 | D:3      | Killed from afar by an orc wizard

Illustrated notes

Levels and vault maps discovered:
D:1:      noname_arrival_rooms_in_the_neighbourhood, layout_basic
D:2:      layout_basic, ebering_ecumenical_altar_sacrificial
D:3:      layout_basic, old_standard_altar, serial_rivers,
          chequers_serial_rivers_micro_c, chequers_serial_rivers_marsh,
          chequers_serial_rivers_small_3, chequers_serial_rivers_small_3,
          portal_sewer_entry_c, minmay_strange_pillars, uniq_jessica

Skill      XL: |  1  2  3 |
---------------+----------+-----
Conjurations   | 2 |  2.1
Summonings     | 2 |  2.1
Translocations | 2 |  2.1
Invocations    | 1 |  1.0
Fighting       | 1 |  1.0
Short Blades   | 1 |  1.0
Long Blades    | 1 |  1.0
Axes           | 1 |  1.0
Maces & Flails | 1 |  1.0
Polearms       | 1 |  1.0
Staves         | 1 |  1.0
Slings         | 1 |  1.0
Bows           | 1 |  1.0
Crossbows      | 1 |  1.0
Throwing       | 1 |  1.0
Armour         | 1 |  1.0
Shields        | 1 |  1.0
Unarmed Combat | 1 |  1.0
Evocations     | 1 |  1.0
Dodging        | |  4.6
Stealth        | |  4.2
Spellcasting   | |  7.1
Hexes          | |  0.7
Necromancy     | |  0.7
Transmutations | |  0.7
Fire Magic     | |  0.7
Ice Magic      | |  0.7
Air Magic      | |  0.7
Earth Magic    | |  0.7
Poison Magic   | |  0.7

Action                   || total
-------------------------++-------
Melee: Dagger            ||    21
       Bite              ||     2
 Cast: Magic Dart        ||    97
       Slow              ||     7
  Use: Scroll            ||     8
 Stab: Sleeping          ||     1
Armor: Robe              ||     6
Dodge: Dodged            ||    26

Table legend: (Time is in decaauts)
 A = Elapsed time spent in this place.
 B = Non-inter-level travel time spent in this place.
 C = Inter-level travel time spent in this place.
 D = Time resting spent in this place.
 E = Time spent auto-exploring this place.
 F = Levels seen in this place.
 G = Mean time per level.
                   A        B        C        D        E       F      G
               +--------+--------+--------+--------+--------+-----+--------+
         Total |   2943 |   2831 |    112 |    325 |   2055 |   3 |  981.0 |
       Dungeon |   2943 |   2831 |    112 |    325 |   2055 |   3 |  981.0 |
               +--------+--------+--------+--------+--------+-----+--------+

Top non-repeatable levels by time:
     D:1: 1390 daAuts
     D:2: 1202 daAuts
     D:3: 350 daAuts
